 Dungeon Crawl Stone Soup version 0.30-a0-7-g94fe547ab8 (webtiles) character file.

Game seed: 17726590468445493101

10938 Ijustatesigmund the Cleaver (level 11, -8/96 (102) HPs)
             Began as a Hill Orc Fighter on Aug 23, 2022.
             Mangled by a yak (13 damage)
             ... on level 10 of the Dungeon.
             The game lasted 00:18:02 (13854 turns).

Ijustatesigmund the Cleaver (Hill Orc Fighter)     Turns: 13854, Time: 00:18:02

HP:   -8/96 (102)   AC: 10    Str: 20    XL:     11   Next: 69%
MP:   11/11         EV: 26    Int: 18    God:
Gold: 500           SH:  6    Dex: 10    Spells: 10/10 levels left

rFire   . . .      SeeInvis .    a - +0 broad axe
rCold   + + +      Faith    .    c - +1 buckler
rNeg    . . .      Spirit   .    b - +1 acid dragon scales
rPois   .          Reflect  .    (no helmet)
rElec   .          Harm     .    D - +1 cloak
rCorr   +          Rampage  .    z - +1 pair of gloves of Hilif {+Blink}
Will    .....                    (no boots)
Stlth   +.........               K - amulet of the acrobat
HPRegen 0.26/turn                n - ring of Uhiyrhis {rC++ Int+6}
MPRegen 0.12/turn                o - ring of protection from cold

@: about to teleport, acrobatic, drained
A: cold resistance 1, deformed body, screaming 1
a: Evoke Blink


You were on level 10 of the Dungeon.
You visited 1 branch of the dungeon, and saw 10 of its levels.

You collected 539 gold pieces.
You spent 39 gold pieces at shops.

Inventory:

Hand Weapons
 a - a +0 broad axe (weapon)
 p - a +2 war axe
Missiles
 I - a throwing net (quivered)
Armour
 b - +1 acid dragon scales (worn)
 c - a +1 buckler (worn)
 z - the +1 pair of gloves of Hilif (worn) {+Blink}
   (You found it on level 8 of the Dungeon)

   +Blink:    It lets you blink.
 D - a +1 cloak (worn)
Magical Staves
 v - a staff of fire
Jewellery
 d - a ring of resist corrosion
 n - the ring of Uhiyrhis (left hand) {rC++ Int+6}
   (You found it on level 2 of the Dungeon)

   [ring of intelligence]

   Int:       It affects your intelligence (+6).
   rC:        It greatly protects you from cold.
 o - a ring of protection from cold (right hand)
 G - a ring of positive energy
 K - an amulet of the acrobat (around neck)
Wands
 f - a wand of acid (11)
 r - a wand of iceblast (10)
 s - a wand of charming (10)
 y - a wand of flame (42)
 A - a wand of digging (5)
Scrolls
 e - 2 scrolls of torment
 g - 2 scrolls of poison
 h - 5 scrolls of teleportation
 k - 5 scrolls of identify
 m - 2 scrolls of enchant armour
 q - a scroll of summoning
 u - a scroll of magic mapping
 F - 2 scrolls of amnesia {unknown}
 J - a scroll of fear {unknown}
Potions
 i - 5 potions of curing
 l - a potion of lignification
 t - 3 potions of attraction
 w - a potion of brilliance
 x - a potion of might
 B - a potion of invisibility
 C - 3 potions of flight
 E - a potion of cancellation {unknown}
 H - a potion of mutation


   Skills:
 + Level 11.5 Fighting
 + Level 12.9 Axes
 - Level 7.8 Armour
 - Level 2.8 Dodging
 + Level 5.5 Shields
 - Level 10.2 Evocations


You had 10 spell levels left.
You didn't know any spells.
Your spell library contained the following spells:

 Spells                   Type           Power      Damage    Failure   Level
 Foxfire                  Conj/Fire      0%         2x1d4     34%         1
 Conjure Flame            Conj/Fire      0%         6-21      71%         3
 Inner Flame              Hex/Fire       0%         N/A       71%         3
 Flame Wave               Conj/Fire      0%         2d4       98%         4


Dungeon Overview and Level Annotations

Branches:
Dungeon (10/15)            Temple (0/1) D:5
   Lair: D:8-11         Orc: D:9-12

Altars:
Dithmenos
Fedhas
Hepliaklqana
Kikubaaqudgha
Makhleb
Nemelex Xobeh
Okawaru
Ru
Trog
Uskayaw
Vehumet
Wu Jian
Zin

Shops:
D:1 ?


Innate Abilities, Weirdness & Mutations

Your flesh is cold resistant. (rC+)
Armour fits poorly on your strangely shaped body.
You occasionally shout uncontrollably at your foes.


Message History

The yak is almost dead.
You barely miss the yak. You slash the yak! You hit the yak. You slash the yak!
The yak barely misses you.
The yak gores you! x2; The yak misses you.
You slash the yak!
You kill the yak!
You slash the yak!
You kill the yak!
You hit the yak but do no damage. x2; You barely miss the yak.
The yak gores you. You block the yak's attack. The yak barely misses you.
You closely miss the yak.
The yak is severely wounded.
You hit the yak.
You hit the yak but do no damage. x2; The yak gores you.
The yak gores you but does no damage. x2; The yak closely misses you.
You barely miss the yak.
The yak is severely wounded.
You slash the yak! You closely miss the yak. You slash the yak!
You barely miss the yak. The yak completely misses you.
The yak barely misses you. The yak gores you but does no damage.
The yak barely misses you. The yak gores you!
You hit the yak.
The yak is almost dead.
You slash the yak! You barely miss the yak. You hit the yak but do no damage.
You slash the yak! The yak gores you. The yak barely misses you.
The yak gores you. The yak gores you but does no damage. The yak gores you.
You are too injured to fight recklessly!
You are too injured to fight recklessly!
You are too injured to fight recklessly!
Unknown command.
As you read the scroll of teleportation, it crumbles to dust.
You feel strangely unstable. The yak closely misses you. The yak gores you!
The yak gores you. The yak gores you!
* * * LOW HITPOINT WARNING * * *
The yak gores you but does no damage. The yak attacks as you move away!
You block the yak's attack. The yak barely misses you. The yak gores you!
* * * LOW HITPOINT WARNING * * *
The yak gores you.
* * * LOW HITPOINT WARNING * * *
The yak attacks as you move away! The yak gores you!
You die...

##...# #..###
#.## ##.# ..
##..####....
####.<#........
#.......###....
#?.....## .
#...@Y$#
#..YYY.#
#...Y.?#
..........#
).........#
..........#
..........#
...........
............


You could see 5 yaks.

Vanquished Creatures
  2 tengu warriors (D:9)
  Maggie (D:9)
  A troll (D:8)
  A hornet (D:8)
  A vampire (D:10)
  3 wyverns
  5 yaks
  Menkaure (D:6)
  An acid dragon (D:10)
  2 water moccasins (D:9)
  Duvessa (D:5)
  5 orc warriors
  2 ice beasts
  2 sky beasts
  4 black bears
  4 centaurs
  A kobold brigand (D:8)
  5 bullfrogs
  A scorpion (D:5)
  2 necrophages
  12 wights
  Dowan (D:5)
  3 howler monkeys
  A lava snake (D:7)
  3 hounds (D:5)
  A jelly (D:6)
  5 orc priests
  A gnoll bouda (D:9)
  Ijyb (D:5)
  3 iguanas
  An orc wizard (D:8)
  Robin (D:2)
  7 gnolls
  6 adders
  3 shadow imps
  An ufetubus (D:4)
  2 worms
  11 dart slugs
  24 orcs
  4 ball pythons
  3 endoplasms
  2 giant cockroaches
  9 hobgoblins
  4 jackals (D:2)
  6 kobolds
  A quokka (D:3)
  4 bats
  2 frilled lizards
  11 goblins
  6 rats
184 creatures vanquished.

Vanquished Creatures (collateral kills)
  A jelly (D:7)
  A gnoll (D:9)
2 creatures vanquished.

Vanquished Creatures (others)
  2 fungi (D:1)
  2 plants (D:1)
4 creatures vanquished.

Grand Total: 190 creatures vanquished

Notes
Turn   | Place    | Note
-------+----------+-------------------------------------------
     0 | D:1      | Ijustatesigmund the Hill Orc Fighter began the quest for
                  | the Orb.
     0 | D:1      | Reached XP level 1. HP: 19/19 MP: 1/1
    93 | D:1      | Reached skill level 3 in Axes
   148 | D:1      | You fall into a shaft and drop 1 floor!
   163 | D:2      | Reached XP level 2. HP: 20/27 MP: 2/2
   290 | D:1      | Found a faded altar of an unknown god.
   361 | D:1      | Found Cintuuq's Magic Scroll Boutique.
   366 | D:1      | Bought a scroll of teleportation for 39 gold pieces
   862 | D:2      | Identified the ring of Uhiyrhis {rC++ Int+6}
   878 | D:2      | Reached skill level 4 in Axes
   981 | D:2      | Reached XP level 3. HP: 31/33 MP: 3/3
  1057 | D:2      | Noticed Robin
  1074 | D:2      | Killed Robin
  1214 | D:2      | Reached XP level 4. HP: 18/41 MP: 4/4
  1498 | D:2      | Reached skill level 5 in Axes
  2065 | D:3      | Found a hide-covered altar of Uskayaw.
  2143 | D:3      | Reached XP level 5. HP: 33/47 MP: 5/5
  2150 | D:3      | Reached skill level 5 in Fighting
  2150 | D:3      | Reached skill level 6 in Axes
  2590 | D:3      | Found a bloodstained altar of Trog.
  2654 | D:3      | Found a glowing silver altar of Zin.
  3395 | D:4      | Reached XP level 6. HP: 22/56 MP: 6/6
  4005 | D:5      | Entered Level 5 of the Dungeon
  4238 | D:5      | Reached skill level 7 in Axes
  4465 | D:5      | Reached skill level 1 in Dodging
  4526 | D:5      | Found a sacrificial altar of Ru.
  4581 | D:5      | Found a burning altar of Makhleb.
  4594 | D:5      | Noticed a black bear
  4602 | D:5      | Killed a black bear
  4603 | D:5      | Reached XP level 7. HP: 57/63 MP: 7/7
  4652 | D:5      | Found a staircase to the Ecumenical Temple.
  5280 | D:5      | Reached skill level 8 in Axes
  5285 | D:5      | Noticed Duvessa
  5285 | D:5      | Noticed Dowan
  5291 | D:5      | Killed Duvessa
  5320 | D:5      | Gained mutation: You occasionally shout uncontrollably at
                  | your foes. [potion of mutation]
  5320 | D:5      | Gained mutation: Armour fits poorly on your strangely
                  | shaped body. [potion of mutation]
  5320 | D:5      | Gained mutation: Your flesh is cold resistant. (rC+)
                  | [potion of mutation]
  5321 | D:5      | Killed Dowan
  5608 | D:5      | Noticed Ijyb
  5614 | D:5      | Killed Ijyb
  5615 | D:5      | Reached XP level 8. HP: 66/73 MP: 8/8
  5615 | D:5      | Found a blossoming altar of Fedhas.
  5679 | D:6      | Found an iron altar of Okawaru.
  6140 | D:6      | Noticed Menkaure
  6151 | D:6      | Killed Menkaure
  6185 | D:6      | Reached skill level 9 in Axes
  6867 | D:6      | Reached skill level 5 in Armour
  7201 | D:6      | Found a shadowy altar of Dithmenos.
  7361 | D:6      | Reached XP level 9. HP: 62/82 MP: 9/9
  7500 | D:7      | Reached skill level 10 in Axes
  7860 | D:7      | Found a sparkling altar of Nemelex Xobeh.
  7926 | D:7      | Found a hazy altar of Hepliaklqana.
  8351 | D:7      | Found an ornate altar of the Wu Jian Council.
  8461 | D:7      | Found a radiant altar of Vehumet.
  9498 | D:8      | Noticed a troll
  9535 | D:8      | Noticed a hornet
  9546 | D:8      | Killed a hornet
  9547 | D:8      | Reached skill level 11 in Axes
  9932 | D:8      | Reached skill level 10 in Fighting
 10117 | D:8      | Found an ancient bone altar of Kikubaaqudgha.
 10394 | D:8      | Reached XP level 10. HP: 79/93 MP: 10/10
 10930 | D:8      | Identified the +1 pair of gloves of Hilif {+Blink}
 11072 | D:9      | Reached skill level 10 in Evocations
 11072 | D:9      | Reached XP level 11. HP: 101/101 MP: 11/11
 11260 | D:9      | Identified the +2 leather armour "Leafougeno" {rCorr Int+3
                  | Dex+7 Slay-6}
 11284 | D:9      | Noticed a tengu warrior
 11284 | D:9      | Noticed a tengu warrior
 11287 | D:9      | Killed a tengu warrior
 11287 | D:9      | Killed a tengu warrior
 11288 | D:9      | Reached skill level 12 in Axes
 11953 | D:9      | Noticed Maggie
 11956 | D:9      | Killed Maggie
 12299 | D:9      | Reached skill level 5 in Shields
 13140 | D:10     | Entered Level 10 of the Dungeon
 13854 | D:10     | Mangled by a yak

Illustrated notes

Levels and vault maps discovered:
D:1:      nicolae_arrival_somewhat_less_tricky_arrival, layout_rooms,
          serial_shops, nicolae_shop_trees,
          shapermc_ecumenical_altar_mp_urbaneastern, serial_bayou_crossing
D:2:      layout_loops_ring, minivault_11, uniq_robin
D:3:      layout_rooms, general_overflow_altar, lemuel_doored_altar,
          lemuel_coloured_pillars_altar, minmay_misc_feat_plants, hex_tiny,
          nicolae_concentric_dashed_squares_wild, nicolae_grassy_gnolls
D:4:      layout_gridville
D:5:      kennysheep_slugbush, layout_gridville,
          mainiacjoe_overflow_surrounded_room, fedhas_altar_fruit_tree,
          old_standard_altar, minmay_temple_entry_statues, uniq_ijyb,
          uniq_duvessa
D:6:      black_bear_nest_1, layout_rooms, mainiacjoe_overflow_tiny_flanked,
          okawaru_metal_pillars_3, uniq_menkaure
D:7:      layout_basic, nemelex_xobeh_ov_fountains_minmay,
          mainiacjoe_overflow_alcove_4, mainiacjoe_overflow_alcove_1,
          lemuel_crystal_altar, kennysheep_pointless_box
D:8:      layout_rooms, mainiacjoe_overflow_brackets, st_stairs_7
D:9:      layout_stronghold, uniq_maggie
D:10:     layout_rooms, nicolae_qazlal_scattered_showers, lair_entry_dummy

Skill      XL: |  1  2  3  4  5  6  7  8  9 10 11 |
---------------+----------------------------------+-----
Axes           | 3 4 5 6 7 8 9 11 12 | 12.9
Fighting       | 4 5 6 7 8 10 11 | 11.5
Dodging        | 1 2 |  2.8
Armour         | 5 7 |  7.8
Evocations     | 10 | 10.2
Shields        | 5 |  5.5

Action                   |  1- 3 |  4- 6 |  7- 9 | 10-12 || total
-------------------------+-------+-------+-------+-------++-------
Melee: War axe           |    88 |   137 |   173 |       ||   398
       Broad axe         |       |       |    85 |   126 ||   211
Evoke: Wand              |       |       |     1 |    14 ||    15
  Use: Potion            |     1 |       |    12 |     4 ||    17
       Scroll            |       |    11 |     8 |     3 ||    22
Armor: Scale mail        |    41 |    59 |    27 |       ||   127
       Ring mail         |       |       |    45 |    18 ||    63
       Acid dragon scale |       |       |       |    44 ||    44
Dodge: Dodged            |    34 |    64 |   125 |    93 ||   316
Block: Buckler           |    15 |    30 |    62 |    47 ||   154

Table legend: (Time is in decaauts)
 A = Elapsed time spent in this place.
 B = Non-inter-level travel time spent in this place.
 C = Inter-level travel time spent in this place.
 D = Time resting spent in this place.
 E = Time spent auto-exploring this place.
 F = Levels seen in this place.
 G = Mean time per level.
                   A        B        C        D        E       F      G
               +--------+--------+--------+--------+--------+-----+--------+
         Total |  13904 |  13541 |    363 |   4837 |   7225 |  10 | 1390.4 |
       Dungeon |  13904 |  13541 |    363 |   4837 |   7225 |  10 | 1390.4 |
               +--------+--------+--------+--------+--------+-----+--------+

Top non-repeatable levels by time:
     D:9: 2342 daAuts
     D:7: 2052 daAuts
     D:5: 1893 daAuts
     D:8: 1506 daAuts
     D:6: 1446 daAuts
     D:4: 1396 daAuts
     D:2: 1213 daAuts
     D:3: 876 daAuts
     D:1: 750 daAuts
    D:10: 426 daAuts
